cohdb
Replays
Latest Replays
All Replays
Popular Replays
Top Player Replays
Match Explorer
How It Works
Community
CoH3 Stats
Reddit
Sign in to upload your games and track your stats! →
Sign in with Steam
Match 41611268
Unlisted
Match 41611268
Overview
Messages
Build Orders
End
Selects Italian Combined Arms Battlegroup
Selects Bersaglieri Squad
Bersaglieri Squad
Kradschützen Motorcycle Team
Bersaglieri Squad
Construct Light Support Kompanie
MG34 Team
2.5-tonne Medical Truck
Selects Bersaglieri Bolster
Fire Support Elements
Flakvierling Half-track
Construct Panzerarmee Kommand
Armored Reserves
Pak 38 Anti-tank Gun Team
Panzer IV Assault Group
2.5-tonne Medical Truck
Selects Semovente da 75/18 Assault Gun
Selects Breda Model 30 Light Machine Guns
Selects Strafing Run
Strafing Run
TillaÄ
cherno33
Nukepapa
Fajolada
0
0
Comments
sign in to comment!
No comments posted yet!